 Dungeon Crawl Stone Soup version 0.31-a0-145-g046c7d2549 (webtiles) character file.

Game seed: 6473941826800133323

46 2FriedEggs the Slasher (level 3, 0/26 HPs)
             Began as an Octopode Berserker on June 6, 2023.
             Was a Believer of Trog.
             Frozen to death by an endoplasm (4 damage)
             ... on level 2 of the Dungeon.
             The game lasted 00:01:28 (933 turns).

2FriedEggs the Slasher (Octopode Berserker)          Turns: 933, Time: 00:01:28

Health: 0/26       AC:  1    Str: 16    XL:     3   Next: 66%
Magic:  12/12      EV: 14    Int:  9    God:    Trog [**....]
Gold:   16         SH:  0    Dex: 13    Spells: 2/2 levels left

rFire   . . .        a - +0 falchion
rCold   . . .        (no shield)
rNeg    . . .        (helmet restricted)
rPois   .            (no amulet)
rElec   .            i - ring of magical power
rCorr   .            e - ring of willpower
SInv    .            (no ring)
Will    +....        (no ring)
Stlth   ++           (no ring)
HPRegen 0.24/turn    (no ring)
MPRegen 0.13/turn    (no ring)
                     (no ring)

%: no passive effects
@: lethally poisoned (0 -> -5)
A: almost no armour, amphibious, 8 rings, camouflage 1, gelatinous body 1,
(nimble swimmer 1), tentacles
a: Renounce Religion, Berserk, Trog's Hand


You were on level 2 of the Dungeon.
You worshipped Trog.
Trog was pleased with you.
You visited 1 branch of the dungeon, and saw 2 of its levels.

You collected 16 gold pieces.

Inventory:

Hand Weapons
 a - a +0 falchion (weapon)
Missiles
 b - 3 javelins (quivered)
 c - 2 boomerangs
Jewellery
 e - a ring of willpower (right tentacle)
 i - a ring of magical power (left tentacle)
Scrolls
 f - a scroll of teleportation {unknown}
 j - a scroll of identify {unknown}
Potions
 d - a potion of lignification {unknown}
 g - a potion of attraction {unknown}
 h - a potion of heal wounds {unknown}


   Skills:
 - Level 3.0 Fighting
 * Level 4.1 Long Blades
 + Level 3.5 Dodging


You had 2 spell levels left.
You didn't know any spells.
Your spell library was empty.

Dungeon Overview and Level Annotations

Branches:
Dungeon (2/15)

Altars:


Innate Abilities, Weirdness & Mutations

You cannot wear most types of armour.
You are amphibious.
You can wear up to eight rings at the same time.
Your skin changes colour to match your surroundings (Stealth+).
Your rubbery body absorbs attacks. (AC +1, EV +1)
((You are camouflaged when in or above water. (Stealth+)))
You have tentacles for arms and can constrict up to eight enemies at once.


Message History

You closely miss the kobold. You grab the kobold. You squeeze the kobold.
You kill the kobold!
Trog accepts your kill. The hobgoblin completely misses you.
Unknown command.
You barely miss the hobgoblin. You grab the hobgoblin.
You squeeze the hobgoblin.
You kill the hobgoblin!
Trog accepts your kill. The endoplasm freezes you.
You are frozen.
The adder bites you.
You are poisoned.
The adder poisons you!
You hit the adder but do no damage. Your grab misses the adder.
You feel sick. The adder barely misses you. The endoplasm freezes you.
You are frozen.
You slash the adder! Your grab misses the adder.
The adder is heavily wounded.
You feel sick. The adder closely misses you. The endoplasm barely misses you.
The hobgoblin hits you.
Unknown command.
You closely miss the adder. You grab the adder.
The adder is heavily wounded.
You constrict the adder.
You feel sick. The adder bites you.
You are more poisoned.
The adder poisons you!
The endoplasm hits you but does no damage.
The hobgoblin misses you. The adder closely misses you.
You hit the adder but do no damage.
The adder is severely wounded.
You constrict the adder.
* * * LOW HITPOINT WARNING * * *
You feel sick. The adder bites you.
* * * LOW HITPOINT WARNING * * *
The hobgoblin misses you.
The endoplasm jiggles.
The endoplasm freezes you.
You are frozen.
You die...

+........##(######......
####..).<.....# +......
#.....##.#.# #.)....
#.....##.#.# #).....
#....(#....# #......
#####+#.#..### #......
#.......#..# #......
#.......#..# #......
+...).@.#..# #######
#...)gJS#..#
#.......#..#
#.......#### #.......#
#........ #......###
#......# ########


You could see an adder, an endoplasm and a hobgoblin.

Vanquished Creatures
  A gnoll (D:1)
  2 dart slugs (D:1)
  4 endoplasms
  A giant cockroach (D:1)
  4 goblins (D:1)
  2 hobgoblins
  2 ball pythons (D:1)
  6 bats
  A frilled lizard (D:1)
  7 kobolds
  A rat (D:1)
31 creatures vanquished.

Notes
Turn   | Place    | Note
-------+----------+-------------------------------------------
     0 | D:1      | 2FriedEggs the Octopode Berserker began the quest for the
                  | Orb.
     0 | D:1      | Reached XP level 1. HP: 16/16 MP: 1/1
   189 | D:1      | Reached XP level 2. HP: 21/21 MP: 2/2
   268 | D:1      | Reached XP level 3. HP: 15/26 MP: 3/3
   365 | D:1      | Reached ** piety under Trog
   730 | D:2      | Reached skill level 4 in Long Blades
   933 | D:2      | Frozen to death by an endoplasm

Illustrated notes

Levels and vault maps discovered:
D:1:      dpeg_arrival_oval, layout_basic
D:2:      layout_basic, uniq_sigmund

Skill      XL: |  1  2  3 |
---------------+----------+-----
Long Blades    | 4 |  4.1
Fighting       | |  3.0
Dodging        | |  3.5

Action                     || total
---------------------------++-------
  Melee: Falchion          ||    56
         Constrict         ||    16
         Tentacles         ||    11
         Punch             ||     1
  Throw: Javelin           ||     2
   Stab: Sleeping          ||     5
 Armour: Skin              ||     6
  Dodge: Dodged            ||    46

Table legend: (Time is in decaauts)
 A = Elapsed time spent in this place.
 B = Non-inter-level travel time spent in this place.
 C = Inter-level travel time spent in this place.
 D = Time resting spent in this place.
 E = Time spent auto-exploring this place.
 F = Levels seen in this place.
 G = Mean time per level.
                   A        B        C        D        E       F      G
               +--------+--------+--------+--------+--------+-----+--------+
         Total |    939 |    925 |     14 |    124 |    621 |   2 |  469.5 |
       Dungeon |    939 |    925 |     14 |    124 |    621 |   2 |  469.5 |
               +--------+--------+--------+--------+--------+-----+--------+

Top non-repeatable levels by time:
     D:1: 731 daAuts
     D:2: 207 daAuts
